 Dungeon Crawl Stone Soup version 0.19-a0-749-g66ae36b (webtiles) character file.

16 mopl the Ruffian (level 2, -1/25 HPs)
             Began as a Naga Transmuter on June 24, 2016.
             Slain by a giant gecko (3 damage)
             ... on level 1 of the Dungeon.
             The game lasted 00:01:10 (199 turns).

mopl the Ruffian (Naga Transmuter)                   Turns: 199, Time: 00:01:11

Health: -1/25      AC:  1    Str: 12    XL:     2   Next: 54%
Magic:  3/5        EV: 10    Int: 13    God:
Gold:   14         SH:  0    Dex: 11    Spells: 2 memorised, 2 levels left

rFire  + . .     SeeInvis +       - Unarmed
rCold  . . .     Gourm    .     b - +0 robe
rNeg   . . .     Faith    .     (no shield)
rPois  +         Spirit   .     (no helmet)
rElec  .         Dismiss  .     (no cloak)
rCorr  .         Reflect  .     (no gloves)
SustAt .         Harm     .     (no barding)
MR     .....                    (no amulet)
Stlth  +.........               (no ring)
                                g - ring of protection from fire

@: short of breath, appendage (expiring), very slightly contaminated, very slow,
not resistant to hostile enchantments, very unstealthy
A: horns 2, see invisible, deformed body, poison resistance, slowness 2, slow
metabolism 1, spit poison 2, AC +0
a: Spit Poison, End Transformation


You were on level 1 of the Dungeon.
You were not hungry.
You had grown temporary horns.
You visited 1 branch of the dungeon, and saw 1 of its levels.

You collected 14 gold pieces.

Inventory:

Missiles
 a - 23 arrows
 i - 14 poisoned needles
Armour
 b - a +0 robe (worn)
Jewellery
 g - a ring of protection from fire (left hand)
Scrolls
 j - a scroll of noise {unknown}
Potions
 e - a potion of mutation {unknown}
 f - a potion of invisibility {unknown}
 k - a potion of agility {unknown}
 l - a potion of lignification {unknown}
Books
 c - a book of Changes

   Spells                             Type                      Level
   a - Beastly Appendage              Transmutation                1
   b - Sticks to Snakes               Transmutation                2
   c - Spider Form                    Transmutation/Poison         3
   d - Ice Form                       Ice/Transmutation            4
   e - Blade Hands                    Transmutation                5
Comestibles
 d - a bread ration
 h - 2 chunks of flesh


   Skills:
 - Level 1.0 Fighting
 - Level 1.5 Dodging
 * Level 3.6 Unarmed Combat
 - Level 2.0 Spellcasting
 + Level 2.3 Transmutations


You had 2 spell levels left.
You knew the following spells:

 Your Spells              Type           Power        Failure   Level  Hunger
a - Beastly Appendage     Tmut           #.....       12%         1    ##.....
w - Sticks to Snakes      Tmut           #.......     17%         2    ###....


Dungeon Overview and Level Annotations

Branches:
Dungeon (1/15)

Altars:


Innate Abilities, Weirdness & Mutations

You cannot wear boots.
Your serpentine skin is tough. (AC +0)
You have supernaturally acute eyesight. (SInv)
Armour fits poorly on your strangely shaped body.
Your system is resistant to poisons. (rPois)
You cover ground very slowly.
You have a slow metabolism.
You can spit poison.
You have a pair of horns on your head.


Message History

The splash of poison hits the giant gecko.
The giant gecko is heavily wounded.
You feel slightly more hungry. The giant gecko bites you.
* * * LOW HITPOINT WARNING * * *
Unknown command.
Unknown command.
Casting: Beastly Appendage
Confirm with . or Enter, or press ? or * to list all spells.
You grow a pair of large bovine horns.
The giant gecko misses you.
You hit the giant gecko but do no damage.
The giant gecko is heavily wounded.
The giant gecko bites you.
* * * LOW HITPOINT WARNING * * *
You completely miss the giant gecko.
The giant gecko is heavily wounded.
The giant gecko bites you but does no damage.
You closely miss the giant gecko.
The giant gecko is heavily wounded.
The giant gecko bites you.
You die...

.#≈..#....≈#....#.....≈#...
.......##....##...........#
.......#...................
#####....###..#.......#####
##.#>......######
#...........†...
#########.#.....#######.
..........#.....'.....#
......l@..#.....#####.#
....####.##.....# #.# .
#....#.....# #.#.
#..#.##.#.....# #.#.
#..#.#..#.....# #.#.
#[.#.#..#.....# #.#.
#..#.#.†#..... #.#.
#####..#.#..# #.#.
#........#..# .#####...


You could see a giant gecko.

Vanquished Creatures
  2 dart slugs (D:1)
  A giant cockroach (D:1)
  A hobgoblin (D:1)
  4 jackals (D:1)
  2 kobolds (D:1)
10 creatures vanquished.

Notes
Turn   | Place    | Note
--------------------------------------------------------------
     0 | D:1      | mopl the Naga Transmuter began the quest for the Orb.
     0 | D:1      | Reached XP level 1. HP: 18/18 MP: 3/3
    80 | D:1      | Reached XP level 2. HP: 19/25 MP: 3/5
    84 | D:1      | Learned a level 2 spell: Sticks to Snakes
   199 | D:1      | Slain by a giant gecko

Vault maps used:
D:1:      denvon_arrival_hothouse, minmay_strange_pillars

Action                   || total
-------------------------++-------
Melee: Unarmed           ||    21
       Headbutt          ||     3
 Cast: Beastly Appendage ||     3
 Abil: Spit Poison       ||     6
Armor: Robe              ||     5
Dodge: Dodged            ||    16
